 Dungeon Crawl Stone Soup version 0.22-b1-21-g5cfc168 (webtiles) character file.

51 tyranidshit the Skirmisher (level 3, -1/31 HPs)
             Began as a Demonspawn Abyssal Knight on Aug 4, 2018.
             Was a Follower of Lugonu.
             Slain by an adder (2 damage)
             ... on level 3 of the Dungeon.
             The game lasted 00:03:11 (1898 turns).

tyranidshit the Skirmisher (DsAK)                   Turns: 1898, Time: 00:03:12

Health: -1/31      AC:  5    Str: 13    XL:     3   Next: 58%
Magic:  4/4        EV: 10    Int: 13    God:    Lugonu [*.....]
Gold:   141        SH:  0    Dex: 12    Spells: 2/2 levels left

rFire    . . .     SeeInvis .   a - +1 hand axe
rCold    . . .     Gourm    .   (no shield)
rNeg     . . .     Faith    .   f - +0 ring mail
rPois    .         Spirit   .   (no helmet)
rElec    .         Reflect  .   (no cloak)
rCorr    .         Harm     .   (no gloves)
MR       .....                  (no boots)
Stlth    +.........             (no amulet)
HPRegen  0.10/turn              (no ring)
MPRegen  0.09/turn              (no ring)

@: no status effects
A: powered by death 1
a: Depart the Abyss, Renounce Religion


You were on level 3 of the Dungeon.
You worshipped Lugonu.
Lugonu was aware of your devotion.
You were not hungry.

You visited 1 branch of the dungeon, and saw 3 of its levels.
You visited the Abyss 1 time.

You collected 141 gold pieces.

Inventory:

Hand Weapons
 a - a +1 hand axe (weapon)
Armour
 b - a +1 leather armour
 f - a +0 ring mail (worn)
Jewellery
 h - a -3 ring of evasion
Wands
 j - a wand of polymorph (8)
Scrolls
 d - a scroll of identify
 e - a scroll of random uselessness {unknown}
 g - 3 scrolls of remove curse
 i - 3 scrolls of teleportation
Comestibles
 c - a ration


   Skills:
 + Level 4.6 Fighting
 - Level 1.7 Axes
 - Level 1.7 Armour
 - Level 0.8 Dodging
 - Level 2.4 Invocations


You had 2 spell levels left.
You didn't know any spells.
Your spell library was empty.

Dungeon Overview and Level Annotations

Branches:
Dungeon (3/15)

Altars:
Dithmenos
Hepliaklqana
Makhleb
Sif Muna
Uskayaw

Annotations:
D:3 Sigmund


Innate Abilities, Weirdness & Mutations

You regenerate a little health from kills.


Message History

The adder bites you but does no damage.
Sigmund laughs darkly.
Okay, then.
You aren't carrying any potions.
Unknown command.
You aren't carrying any potions.
Unknown command.
The adder barely misses you. The adder bites you.
* * * LOW HITPOINT WARNING * * *
A giant cockroach comes into view.
The giant cockroach waves its antennae.
Things that are here:
an uncursed hunting sling; 16 stones The adder bites you.
* * * LOW HITPOINT WARNING * * *
The adder closely misses you. The adder closely misses you.
The adder bites you.
You die...

.........(..##.#..#
♣#♣###.#).)###.#..#
......s...(......#
.♣#####...###.#.##
##.####.#.# #..(....#.#
######..######.#
♣.Ss....# #@###♣♣.♣
#######♣#♣#♣#♣#♣.# ♣.P♣
..............##.## ..(♣
#############.#...##♣...♣
#.......♣♣.♣♣
###...####.# ##.## #.#
#.# ..# ♣♣♣


You could see an adder and a giant cockroach.

Vanquished Creatures
  2 worms
  4 dart slugs (D:1)
  A leopard gecko (D:1)
  2 giant cockroaches
  7 hobgoblins
  3 kobolds (D:1)
  2 quokkas (D:3)
  2 ball pythons
  3 bats
  2 frilled lizards
  5 goblins
  4 rats
37 creatures vanquished.

Notes
Turn   | Place    | Note
-------+----------+-------------------------------------------
     0 | Abyss:1  | tyranidshit the Demonspawn Abyssal Knight began the quest for the Orb.
     0 | Abyss:1  | Reached XP level 1. HP: 18/18 MP: 2/2
    62 | Abyss:1  | Noticed a guardian serpent
    64 | D:1      | Escaped the Abyss
   224 | D:1      | Gained mutation: You regenerate a little health from kills. [demonic ancestry]
   224 | D:1      | Reached XP level 2. HP: 14/24 MP: 3/3
   307 | D:1      | Reached * piety under Lugonu
   383 | D:1      | Reached skill level 4 in Fighting
   570 | D:1      | Reached XP level 3. HP: 22/30 MP: 4/4
  1364 | D:2      | Found a hazy altar of Hepliaklqana.
  1368 | D:2      | Found a burning altar of Makhleb.
  1368 | D:2      | Found a hide-covered altar of Uskayaw.
  1368 | D:2      | Found a deep blue altar of Sif Muna.
  1386 | D:2      | Found a shadowy altar of Dithmenos.
  1866 | D:3      | Noticed Sigmund
  1889 | D:3      | HP: 1/31 [adder (2)]
  1898 | D:3      | Slain by an adder

Skill      XL: |  1  2 |
---------------+-------+-----
Fighting       | 4 |  4.6
Axes           | |  1.7
Armour         | |  1.7
Dodging        | |  0.8
Invocations    | |  2.4

Action                   || total
-------------------------++-------
Melee: Hand axe          ||   116
Invok: Depart the Abyss  ||     1
  Use: Scroll            ||     7
       Potion            ||     2
 Stab: Sleeping          ||     2
  Eat: Ration            ||     1
Armor: Leather armour    ||    22
       Ring mail         ||    15
Dodge: Dodged            ||    80
